 Dungeon Crawl Stone Soup version 0.26-a0-812-g31a745ddcd (webtiles) character file.

Game seed: 10885793215762005192

101 Dracia the Poker (level 4, -3/35 HPs)
             Began as a Demonspawn Monk on Dec 4, 2020.
             Splashed by a jelly's acid (7 damage)
             ... on level 3 of the Dungeon.
             The game lasted 00:04:41 (2847 turns).

Dracia the Poker (Demonspawn Monk)                  Turns: 2847, Time: 00:04:41

Health: -3/35      AC:  1    Str: 11    XL:     4   Next: 48%
Magic:  4/4        EV:  5    Int: 13    God:
Gold:   96         SH:  0    Dex: 15    Spells: 3/3 levels left

rFire    . . .     SeeInvis .   a - +0 spear
rCold    . . .     Faith    .   (no shield)
rNeg     . . .     Spirit   .   c - +0 chain mail
rPois    .         Reflect  .   i - +0 helmet (curse)
rElec    .         Harm     .   (no cloak)
rCorr    .         Rampage  .   (no gloves)
MR       .....                  (no boots)
Stlth    ..........             (no amulet)
HPRegen  0.11/turn              (no ring)
MPRegen  0.09/turn              (no ring)

@: mighty, corroded, heavily drained
A: powered by death 2
a: no special abilities


You were on level 3 of the Dungeon.
You visited 1 branch of the dungeon, and saw 3 of its levels.

You collected 96 gold pieces.


Innate Abilities, Weirdness & Mutations

You regenerate health from kills.


   Skills:
 - Level 3.0(1.2) Fighting
 + Level 4.8(3.0) Polearms
 - Level 2.6(0.9) Dodging
 - Level 1.7(0.1) Stealth


You had 3 spell levels left.
You didn't know any spells.
Your spell library was empty.

Inventory:

Hand Weapons
 a - a +0 spear (weapon)
Missiles
 p - 28 poisoned darts (quivered)
Armour
 b - a +0 robe
 c - a +0 chain mail (worn)
 i - a cursed +0 helmet (worn)
Jewellery
 q - an uncursed amulet of regeneration {unknown}
Scrolls
 e - 2 scrolls of random uselessness {unknown}
 f - 3 scrolls of identify {unknown}
 g - 3 scrolls of teleportation {unknown}
 k - 2 scrolls of remove curse {unknown}
 m - 3 scrolls of amnesia {unknown}
 o - a scroll of enchant armour {unknown}
Potions
 d - a potion of might
 h - 2 potions of curing {unknown}
 j - a potion of brilliance {unknown}
 l - 2 potions of flight {unknown}
 n - a potion of lignification {unknown}
 r - a potion of heal wounds {unknown}

Dungeon Overview and Level Annotations

Branches:
Dungeon (3/15)

Altars:
Nemelex Xobeh

###..# #..#.... #....# ###
#....... #.##.#
##!.....##.#########......
#.#..#.##.P..PP#.#.#....###.(####
.......##÷.....#.#.#.....##(.# #
#.#.#####PPP.JJ#†#'#......'..# #
#.#....##÷...JJ#.#........'..# #
#.####.##PP..PJ#.#........'.## #
#.# #.##....JJ#@#....(..##.# #
#.####.##.PPJJJJ##......##### #
.......##....JJ########## #
#.############# ########### #.#
############.........# #.#
#......#..........##.# #.#
#.####.#.###.####.##.. ..#
#.##...#.# #.# #.##..
..##########.##...#.# #.# #.##..


You could see 3 jellies and 3 oozes.


Message History

You hit the jelly.
Your hands burn!
The jelly is moderately wounded.
The jelly hits you.
You are splashed with acid!
* * * LOW HITPOINT WARNING * * *
You are too injured to fight recklessly!
You are too injured to fight recklessly!
Unknown command.
You are too injured to fight recklessly!
You are too injured to fight recklessly!
You are too injured to fight recklessly!
You hit the jelly. The acid corrodes you!
Your hands burn!
* * * LOW HITPOINT WARNING * * *
The jelly is heavily wounded.
The jelly hits you but does no damage.
You hit the jelly but do no damage.
Your hands burn!
* * * LOW HITPOINT WARNING * * *
The jelly is heavily wounded.
The jelly jiggles.
The jelly hits you but does no damage.
You hit the jelly.
Your hands burn!
* * * LOW HITPOINT WARNING * * *
The jelly is severely wounded.
The jelly completely misses you.
Unknown command.
It was a potion of might.
You feel very mighty all of a sudden. The jelly hits you.
* * * LOW HITPOINT WARNING * * *
The acid corrodes you!
You are splashed with acid!
You die...

Skill      XL: |  1  2  3 |
---------------+----------+-----
Polearms       | 3 4 |  4.8
Fighting       | |  3.0
Dodging        | |  2.6
Stealth        | |  1.7

Action                   |  1- 3 |  4- 6 || total
-------------------------+-------+-------++-------
Melee: Spear             |   188 |   127 ||   315
  Use: Potion            |       |     1 ||     1
Armor: Chain mail        |    74 |    81 ||   155
Dodge: Dodged            |    27 |    26 ||    53

Levels and vault maps discovered:
D:1:      matt_arrival_los_fun, layout_basic, minivault_26
D:2:      layout_loops_ring
D:3:      cheibrodos_fertilizer, layout_basic, nicolae_overflow_hidden_temple,
          lemuel_round_altar

Notes
Turn   | Place    | Note
-------+----------+-------------------------------------------
     0 | D:1      | Dracia the Demonspawn Monk began the quest for the Orb.
     0 | D:1      | Reached XP level 1. HP: 18/18 MP: 1/1
   177 | D:1      | Reached skill level 3 in Polearms
   316 | D:1      | Gained mutation: You regenerate a little health from kills.
                  | [demonic ancestry]
   316 | D:1      | Reached XP level 2. HP: 24/24 MP: 2/2
   574 | D:1      | Gained mutation: You regenerate health from kills. [demonic
                  | ancestry]
   574 | D:1      | Reached XP level 3. HP: 29/29 MP: 3/3
   916 | D:1      | Reached skill level 4 in Polearms
  1645 | D:2      | Reached XP level 4. HP: 34/35 MP: 4/4
  2219 | D:3      | Found a sparkling altar of Nemelex Xobeh.
  2847 | D:3      | Splashed by a jelly's acid

Vanquished Creatures
  An adder (D:2)
  An ooze (D:1)
  2 worms
  2 dart slugs (D:1)
  3 leopard geckos
  An orc (D:2)
  9 bats
  4 giant cockroaches
  9 goblins
  6 hobgoblins
  4 jackals (D:3)
  A quokka (D:2)
  A ball python (D:2)
  3 frilled lizards
  16 kobolds
  6 rats (D:1)
69 creatures vanquished.

Vanquished Creatures (others)
  A fungus (D:3)
  4 toadstools (D:3)
5 creatures vanquished.

Grand Total: 74 creatures vanquished

Table legend: (Time is in decaauts)
 A = Elapsed time spent in this place.
 B = Non-inter-level travel time spent in this place.
 C = Inter-level travel time spent in this place.
 D = Time resting spent in this place.
 E = Time spent auto-exploring this place.
 F = Levels seen in this place.
 G = Mean time per level.
                   A        B        C        D        E       F      G
               +--------+--------+--------+--------+--------+-----+--------+
         Total |   2826 |   2776 |     50 |      0 |   2259 |   3 |  942.0 |
       Dungeon |   2826 |   2776 |     50 |      0 |   2259 |   3 |  942.0 |
               +--------+--------+--------+--------+--------+-----+--------+

Top non-repeatable levels by time:
     D:1: 1136 daAuts
     D:2: 881 daAuts
     D:3: 808 daAuts

Table legend:
 A = Non-vault XP
 B = Vault XP
 C = Vault XP percentage of total XP
 D = Non-vault monster count
 E = Vault monster count
 F = Vault count percentage of total count
                 A         B        C        D         E       F
            +---------+---------+-------+---------+---------+-------
      Total |     136 |       9 |   6.2 |      62 |       7 |  10.1
            +---------+---------+-------+---------+---------+-------
        D:1 |      58 |       0 |   0.0 |      31 |       0 |   0.0
        D:2 |      48 |       0 |   0.0 |      18 |       0 |   0.0
        D:3 |      30 |       9 |  23.1 |      13 |       7 |  35.0
            +---------+---------+-------+---------+---------+-------
